 Dungeon Crawl Stone Soup version 0.28.0-43-g3370ac3207 (webtiles) character file.

Game seed: 14449902721227820579

884 protoss039 the Magician (level 7, -1/38 HPs)
             Began as a Deep Elf Fire Elementalist on Mar 23, 2022.
             Was an Initiate of Sif Muna.
             Slain by Discosetron's ghost (4 damage)
             ... on level 5 of the Dungeon.
             The game lasted 00:11:00 (6370 turns).

protoss039 the Magician (DEFE)                      Turns: 6370, Time: 00:11:00

Health: -1/38      AC:  5    Str:  5    XL:     7   Next: 76%
Magic:  11/19      EV: 13    Int: 22    God:    Sif Muna [......]
Gold:   352        SH:  0    Dex: 15    Spells: 7/20 levels left

rFire   + . .      SeeInvis .   m - +1 spear (flame)
rCold   + . .      Faith    .   (no shield)
rNeg    . . .      Spirit   .   a - +0 robe
rPois   +          Reflect  .   (no helmet)
rElec   +          Harm     .   l - +1 cloak
rCorr   +          Rampage  .   n - +0 pair of gloves
Will    .....                   (no boots)
Stlth   ++........              (no amulet)
HPRegen 0.12/turn               (no ring)
MPRegen 0.16/turn               (no ring)

@: resistant
A: no striking features
a: Renounce Religion


You were on level 5 of the Dungeon.
You worshipped Sif Muna.
Sif Muna was noncommittal.
You visited 2 branches of the dungeon, and saw 6 of its levels.

You collected 352 gold pieces.

Inventory:

Hand Weapons
 m - a +1 spear of flaming (weapon)
Armour
 a - a +0 robe (worn)
 l - a +1 cloak (worn)
 n - a +0 pair of gloves (worn)
Magical Staves
 g - a staff of death
Jewellery
 o - a ring of protection from fire
Wands
 p - a wand of iceblast (15)
Scrolls
 d - a scroll of vulnerability {unknown}
 h - a scroll of identify
 i - 2 scrolls of fog
Potions
 j - 3 potions of attraction


   Skills:
 * Level 1.1 Fighting
 - Level 3.0 Dodging
 - Level 3.0 Stealth
 + Level 7.3 Spellcasting
 + Level 3.5 Conjurations
 * Level 2.1 Hexes
 + Level 6.6 Fire Magic
 * Level 1.6 Invocations


You had 7 spell levels left.
You knew the following spells:

 Your Spells              Type           Power      Damage    Failure   Level
a - Foxfire               Conj/Fire      100%       2x1d9     1%          1
b - Scorch                Fire           74%        2d9       1%          2
c - Conjure Flame         Conj/Fire      30%        6-21      3%          3
d - Inner Flame           Hex/Fire       27%        N/A       4%          3
e - Flame Wave            Conj/Fire      30%        2d8       10%         4

Your spell library contained the following spells:

 Spells                   Type           Power      Damage    Failure   Level


Dungeon Overview and Level Annotations

Branches:
Dungeon (5/15)             Temple (1/1) D:4

Altars:
Ashenzari
Cheibriados
Dithmenos
Elyvilon
Gozag
Hepliaklqana
Kikubaaqudgha
Makhleb
Nemelex Xobeh
Okawaru
Qazlal
Sif Muna
Trog
Uskayaw
Vehumet
Wu Jian
Xom
Yredelemnul
Zin
The Shining One

Annotations:
D:4 Duvessa
D:5 Discosetron's ghost, novice DjWr


Message History

Unknown command.
Casting: Scorch (safe; 1% risk of failure)
Confirm with . or Enter, or press ? or * to list all spells.
The fire begins to smoulder!
Unknown command.
Unknown command.
Discosetron's ghost smothers the flame.
Unknown command.
Unknown command.
Unknown command.
Unknown command.
Unknown command.
Okay, then.
Casting: Conjure Flame (dangerous; 3% risk of failure)
Confirm with . or Enter, or press ? or * to list all spells.
Flames lash Discosetron's ghost.
Discosetron's ghost resists.
Discosetron's ghost is lightly damaged.
Discosetron's ghost's fire resistance burns away.
Press: ? - help, v - describe, . - travel
Here: Discosetron's ghost, wielding a weapon of pain (more vulnerable to fire)
The floor.
You already know all available spells.
Unknown command.
Okay, then.
Discosetron's ghost is no longer more vulnerable to fire.
Discosetron's ghost points at you and mumbles some strange words.
The zap hits you. You resist.
* * * LOW HITPOINT WARNING * * *
Discosetron's ghost casts a spell at you.
You resist with some effort.
You see here a bullfrog corpse.
Discosetron's ghost casts a spell.
Discosetron's ghost blinks!
Discosetron's ghost hits you.
* * * LOW HITPOINT WARNING * * *
Discosetron's ghost shrieks, "What do you have that I didn't have?"
Discosetron's ghost gestures at you while chanting.
You resist with some effort. Discosetron's ghost hits you.
You die...

####.#####.......##..
####.#####.......####
#.†..............#
#.#..............#
#.#..............##
#.#...............#
#.#........#..##..#
#.#W.......#..##..#
#...@..........#..###
######.#.#.#.#.#.....
########## #.#.......#..###
######........#
#.†..........#
#......######.#
###.##.......# #.####.# #.#
#.##.....### #.#....######.##
#...F....# ....##.#.......#
####W....#
#.####.#.####..##########?.##


You could see Discosetron's ghost.

Vanquished Creatures
  An ice beast (D:5)
  An ogre (D:4)
  2 phantoms
  A bullfrog (D:5)
  Dowan (D:5)
  A howler monkey (D:4)
  2 orc priests
  A gnoll shaman (D:4)
  An iguana (D:5)
  An orc wizard (D:3)
  A hound zombie (D:5)
  A hound skeleton (D:4)
  11 gnolls
  7 adders
  A white imp (D:5)
  A dart slug (D:1)
  7 orcs
  3 ball pythons
  6 endoplasms
  4 giant cockroaches
  5 goblins
  7 hobgoblins
  5 kobolds
  5 quokkas
  9 bats
  A frilled lizard (D:1)
  A quokka skeleton (D:4)
  2 rats
89 creatures vanquished.

Vanquished Creatures (others)
  301 foxfires
301 creatures vanquished.

Grand Total: 390 creatures vanquished

Notes
Turn   | Place    | Note
-------+----------+-------------------------------------------
     0 | D:1      | protoss039 the Deep Elf Fire Elementalist began the quest
                  | for the Orb.
     0 | D:1      | Reached XP level 1. HP: 10/10 MP: 6/6
    33 | D:1      | Found a faded altar of an unknown god.
   285 | D:1      | Reached XP level 2. HP: 15/15 MP: 5/8
  1335 | D:2      | Reached XP level 3. HP: 13/19 MP: 3/9
  1343 | D:1      | Learned a level 2 spell: Scorch
  2035 | D:2      | Reached XP level 4. HP: 24/24 MP: 7/11
  2147 | D:2      | Reached skill level 4 in Spellcasting
  2350 | D:2      | Learned a level 3 spell: Conjure Flame
  2354 | D:2      | Learned a level 3 spell: Inner Flame
  2477 | D:3      | Found a hazy altar of Hepliaklqana.
  2687 | D:3      | Reached XP level 5. HP: 15/28 MP: 6/13
  3092 | D:3      | Reached skill level 5 in Fire Magic
  3336 | D:4      | Reached skill level 5 in Spellcasting
  3563 | D:4      | Reached XP level 6. HP: 32/32 MP: 10/15
  3874 | D:4      | Reached skill level 6 in Spellcasting
  4248 | D:4      | Found a staircase to the Ecumenical Temple.
  4462 | Temple   | Entered the Ecumenical Temple
  4690 | Temple   | Became a worshipper of Sif Muna the Loreminder
  4744 | D:4      | Learned a level 4 spell: Flame Wave
  4745 | D:5      | Entered Level 5 of the Dungeon
  4759 | D:5      | Reached XP level 7. HP: 36/36 MP: 9/18
  4861 | D:5      | Reached skill level 1 in Hexes
  4861 | D:5      | Reached skill level 1 in Invocations
  4926 | D:5      | Found a runed translucent door.
  4929 | D:5      | Noticed Discosetron's ghost (novice DjWr)
  4975 | D:5      | Found a white marble altar of Elyvilon.
  5195 | D:5      | Noticed Dowan
  5202 | D:5      | Noticed Duvessa
  5211 | D:5      | Reached skill level 7 in Spellcasting
  5214 | D:5      | HP: 1/37 [Duvessa/+0 short sword (3)]
  5926 | D:5      | Killed Dowan
  5927 | D:5      | Reached skill level 1 in Fighting
  6370 | D:5      | Slain by Discosetron's ghost

Illustrated notes

Levels and vault maps discovered:
D:1:      sevenhm_arrival_forest_fort_small_3, layout_basic,
          shapermc_ecumenical_altar_venn, palyth_stone_intersect,
          grunt_decor_arrowhead, item_on_display_a
D:2:      layout_rooms
D:3:      layout_loops_ring, mainiacjoe_overflow_brackets
D:4:      layout_cave_pods, temple_pool_b
D:5:      layout_loops_cross, amcnicky_altar_gilded, ebering_ghost_sewer_d,
          uniq_duvessa
Temple:   eino_narrow_crystal_temple

Skill      XL: |  1  2  3  4  5  6  7 |
---------------+----------------------+-----
Dodging        | 3 |  3.0
Stealth        | 3 |  3.0
Conjurations   | 2 3 |  3.5
Fire Magic     | 4 5 6 |  6.6
Spellcasting   | 4 5 6 7 |  7.3
Hexes          | 2 |  2.1
Invocations    | 1 |  1.6
Fighting       | 1 |  1.1

Action                   |  1- 3 |  4- 6 |  7- 9 || total
-------------------------+-------+-------+-------++-------
Melee: Dagger            |    27 |       |       ||    27
       Unarmed           |     1 |       |       ||     1
       Spear             |       |    10 |     3 ||    13
 Cast: Foxfire           |    82 |    62 |    40 ||   184
       Scorch            |     1 |    31 |    21 ||    53
       Conjure Flame     |       |       |     1 ||     1
  Use: Scroll            |       |     1 |     4 ||     5
       Potion            |       |       |     4 ||     4
 Stab: Sleeping          |     1 |     1 |     1 ||     3
Armor: Robe              |    13 |    12 |     4 ||    29
Dodge: Dodged            |    38 |    25 |    17 ||    80
